 Dungeon Crawl Stone Soup version 0.25-a0-1119-g28b6fd0c3b (webtiles) character file.

Game seed: 6378362800105928772, levelgen mode: deterministic

442048 bmfx the Cryomancer (level 23, -17/171 HPs)
             Began as a Mummy Earth Elementalist on May 17, 2020.
             Was an Initiate of Gozag.
             Killed from afar by Margery (59 damage)
             ... with a bolt of fire
             ... on level 4 of the Depths.
             The game lasted 03:39:32 (84031 turns).

bmfx the Cryomancer (Mummy Earth Elementalist)     Turns: 84031, Time: 03:39:33

Health: -17/171    AC: 18    Str: 13    XL:     23   Next: 29%
Magic:  18/42      EV: 19    Int: 25    God:    Gozag
Gold:   13262      SH:  7    Dex: 13    Spells: 20/52 levels left

rFire    . . .     SeeInvis +   w - staff of conjuration {!a}
rCold    + . .     Gourm    .   G - +2 buckler
rNeg     + + +     Faith    .   n - +3 robe of the Maze {rElec rN+}
rPois    ∞         Spirit   .   O - +2 helmet {Int+3}
rElec    +         Reflect  .   Q - +2 cloak
rCorr    .         Harm     .   Y - +3 pair of gauntlets of War {Slay+5}
MR       ++...                  b - +2 pair of boots
Stlth    ++........             N - amulet of regeneration
HPRegen  0.78/turn              (no ring)
MPRegen  0.28/turn              V - ring "Miusolomm" {Wiz rF+ rN+ SInv}

@: about to teleport, gold aura
A: no food or potions, fire vulnerability, cold resistance 1, negative energy
resistance 3, torment resistance, unbreathing, in touch with death 1
}: 1/15 runes: decaying
a: Potion Petition, Call Merchant, Bribe Branch, Renounce Religion


You were on level 4 of the Depths.
You worshipped Gozag.
Gozag was extremely pleased with you.
You were not hungry.

You visited 9 branches of the dungeon, and saw 43 of its levels.
You also visited: Trove, Sewer, Gauntlet and Ice Cave.

You collected 28784 gold pieces.
You spent 9863 gold pieces at shops.
You paid 5659 gold pieces to Gozag.


Innate Abilities, Weirdness & Mutations

You do not eat or drink.
Your flesh is vulnerable to fire.
You are immune to poison.
Your flesh is cold resistant. (rC+)
You are immune to negative energy. (rN+++)
You are immune to unholy pain and torment.
You can survive without breathing.
You are in touch with the powers of death.

Dungeon Overview and Level Annotations

Branches:
Dungeon (15/15)            Temple (1/1) D:4            Lair (6/6) D:11
  Swamp (4/4) Lair:2       Spider (4/4) Lair:4        Slime (0/5) Lair:6
    Orc (2/2) D:10            Elf (3/3) Orc:2        Vaults (4/5) D:13
  Crypt (0/3) Vaults:3     Depths (4/5) D:15          Sewer (visited)
  IceCv (visited)         Gauntlet (visited)

Altars:
Ashenzari
Cheibriados
Dithmenos
Elyvilon
Fedhas
Gozag
Hepliaklqana
Kikubaaqudgha
Makhleb
Nemelex Xobeh
Okawaru
Qazlal
Ru
Sif Muna
Trog
Vehumet
Wu Jian
Xom
Yredelemnul
Zin
The Shining One
Beogh

Shops:
D:9 %:[[   D:10 =   D:11 %=*   D:15 (   Orc:2 =%:(:   Elf:1 !!!(   Elf:2 *
Spider:1 *   Spider:4 *   Vaults:2 *   Vaults:3 :   Vaults:4 }   Depths:1 =

Portals:
Hell: Depths:1 Depths:2 Depths:3 Depths:4
Abyss: Depths:1 Depths:2 Depths:3
Pandemonium: Depths:3
Ziggurat: Depths:1

Annotations:
Spider:4 exclusion: 2 doors
Vaults:4 3 runed translucent doors, emiel's ghost, adept GnWn
Depths:4 Frederick; Margery; the Enchantress


   Skills:
 - Level 12.0 Fighting
 - Level 14.0 Polearms
 - Level 12.0 Dodging
 - Level 1.5 Stealth
 - Level 4.0 Shields
 - Level 15.0 Spellcasting
 - Level 2.0 Conjurations
 - Level 8.0 Necromancy
 - Level 0.7 Transmutations
 + Level 21.4 Ice Magic
 - Level 12.0 Earth Magic
 - Level 10.0 Evocations


You had 20 spell levels left.
You knew the following spells:

 Your Spells              Type           Power        Failure   Level  Hunger
a - Apportation           Tloc           ###...       1%          1    N/A
b - Blink                 Tloc           N/A          1%          2    N/A
w - Passwall              Tmut/Erth      ######..     1%          2    N/A
A - Sandblast             Erth           ######       0%          1    N/A
B - Stone Arrow           Conj/Erth      ######       1%          3    N/A
C - Petrify               Tmut/Erth      ######..     1%          4    N/A
D - Lee's Rapid Deconstr  Erth           ######....   1%          5    N/A
E - Borgnjor's Vile Clut  Necr/Erth      #######...   1%          5    N/A
F - Absolute Zero         Ice            #######...   17%         9    N/A

Your spell library contained the following spells:

 Spells                   Type           Power        Failure   Level  Hunger
 Animate Skeleton         Necr           N/A          1%          1    N/A
 Corona                   Hex            ###....      1%          1    N/A
 Magic Dart               Conj           ####         1%          1    N/A
 Summon Small Mammal      Summ           ###.         1%          1    N/A
 Call Imp                 Summ           ###.....     1%          2    N/A
 Corpse Rot               Necr/Air       N/A          1%          2    N/A
 Ensorcelled Hibernation  Hex/Ice        ######       1%          2    N/A
 Poisonous Vapours        Pois/Air       ###...       1%          2    N/A
 Slow                     Hex            ###.....     1%          2    N/A
 Dispel Undead            Necr           ######..     1%          4    N/A
 Agony                    Necr           ######..     1%          5    N/A
 Metabolic Englaciation   Hex/Ice        ######....   1%          5    N/A
 Ozocubu's Refrigeration  Ice            #######...   1%          6    N/A
 Simulacrum               Ice/Necr       #######...   1%          6    N/A
 Conjure Flame            Conj/Fire      #####...     2%          3    N/A
 Mephitic Cloud           Conj/Pois/Air  ####....     2%          3    N/A
 Gell's Gravitas          Tloc           ###.......   3%          3    N/A
 Ignite Poison            Fire/Tmut/Pois ###.....     3%          3    N/A
 Bolt of Magma            Conj/Fire/Erth ######....   4%          5    N/A
 Excruciating Wounds      Chrm/Necr      ######....   6%          5    N/A
 Iskenderun's Mystic Bla  Conj/Tloc      #####...     8%          4    N/A
 Freezing Cloud           Conj/Ice/Air   ######....   8%          6    N/A
 Iron Shot                Conj/Erth      ######....   11%         6    N/A
 Irradiate                Conj/Tmut      #####.....   19%         5    N/A
 Fireball                 Conj/Fire      #####.....   21%         5    N/A
 Iskenderun's Battlesphe  Conj/Chrm      #####...     21%         5    N/A
 Alistair's Intoxication  Tmut/Pois      ###.....     26%         5    N/A
 Silence                  Hex/Air        ###.......   32%         5    N/A
 Summon Forest            Summ/Tloc      ###.......   32%         5    N/A
 Starburst                Conj/Fire      #####.....   71%         6    N/A
 Eringya's Noxious Bog    Tmut/Pois      ###.......   80%         6    N/A
 Darkness                 Hex            ###.......   85%         6    N/A
 Shadow Creatures         Summ           N/A          85%         6    N/A
 Orb of Destruction       Conj           #####.....   98%         7    N/A
 Lehudib's Crystal Spear  Conj/Erth      ######....   98%         8    N/A
 Spellforged Servitor     Conj/Summ      #####.....   99%         7    N/A
 Ring of Flames           Chrm/Fire      ###.......   100%        7    N/A
 Summon Hydra             Summ           ###.......   100%        7    N/A
 Chain Lightning          Conj/Air       #####.....   100%        8    N/A
 Ignition                 Fire           ###.......   100%        8    N/A
 Fire Storm               Conj/Fire      #####.....   100%        9    N/A
 Sublimation of Blood     Necr           Unusable     N/A         2    N/A
 Ice Form                 Ice/Tmut       Unusable     N/A         4    N/A
 Statue Form              Tmut/Erth      Unusable     N/A         6    N/A
 Hydra Form               Tmut           Unusable     N/A         6    N/A
 Dragon Form              Tmut           Unusable     N/A         7    N/A

Action                   |  1- 3 |  4- 6 |  7- 9 | 10-12 | 13-15 | 16-18 | 19-21 | 22-24 || total
-------------------------+-------+-------+-------+-------+-------+-------+-------+-------++-------
Melee: Whip              |    23 |    26 |       |       |       |       |       |       ||    49
       Spear             |       |    68 |   336 |   879 |  1351 |   943 |       |       ||  3577
       Demon trident     |       |       |       |       |       |   428 |   873 |   666 ||  1967
Throw: Dart              |    57 |    44 |    45 |    33 |    52 |    18 |     9 |     3 ||   261
 Cast: Sandblast         |    14 |    51 |    66 |    49 |   145 |    51 |       |       ||   376
       Stone Arrow       |       |       |    25 |    19 |   141 |    93 |     7 |     2 ||   287
       Borgnjor's Vile C |       |       |       |       |    66 |   352 |   191 |   141 ||   750
       Lee's Rapid Decon |       |       |       |       |     2 |    94 |   302 |    55 ||   453
       Blink             |       |       |       |       |       |     2 |     1 |       ||     3
       Petrify           |       |       |       |       |       |     9 |     7 |     1 ||    17
       Apportation       |       |       |       |       |       |       |     3 |     3 ||     6
       Absolute Zero     |       |       |       |       |       |       |       |    18 ||    18
Invok: Potion Petition   |       |       |       |     1 |     1 |     2 |     1 |       ||     5
       Call Merchant     |       |       |       |       |     2 |     2 |       |     1 ||     5
 Abil: Evoke Flight      |       |       |       |       |       |       |     1 |       ||     1
Evoke: Wand              |       |       |     2 |    43 |    77 |    38 |    23 |     2 ||   185
       Box of beasts     |       |       |       |       |     1 |       |       |       ||     1
       Tin of tremorston |       |       |       |       |       |     2 |    15 |       ||    17
       Phial of floods   |       |       |       |       |       |       |     1 |     1 ||     2
       Lightning rod     |       |       |       |       |       |       |     3 |       ||     3
       Staff of Wucad Mu |       |       |       |       |       |       |       |    14 ||    14
  Use: Scroll            |     4 |     3 |    12 |     9 |    10 |     4 |    12 |    18 ||    72
 Stab: Sleeping          |     1 |     1 |     5 |       |       |       |       |       ||     7
       Distracted        |       |       |     3 |     4 |     7 |     6 |     2 |     5 ||    27
       Paralysed         |       |       |     8 |    56 |    36 |     7 |       |     5 ||   112
       Confused          |       |       |       |     3 |       |     1 |       |       ||     4
       Petrified         |       |       |       |       |       |    20 |    12 |       ||    32
       Petrifying        |       |       |       |       |       |     3 |       |       ||     3
Armor: Robe              |    13 |    12 |    47 |       |       |     6 |    11 |     5 ||    94
       Leather armour    |       |       |    20 |    46 |       |       |       |       ||    66
       Scale mail        |       |       |       |   174 |   462 |   401 |   179 |   112 ||  1328
Dodge: Dodged            |    37 |    62 |   166 |   309 |   718 |  1061 |   511 |   271 ||  3135
       Repelled          |       |       |     5 |     1 |       |       |       |       ||     6
Block: Buckler           |       |       |       |   116 |   393 |   405 |   198 |    96 ||  1208

Skill      XL: |  1  2  3  4  5  6  7  8  9 10 11 12 13 14 15 16 17 18 19 20 21 22 23 |
---------------+----------------------------------------------------------------------+-----
Spellcasting   | 3 4 5 6 10 12 14 15 | 15.0
Earth Magic    | 3 4 5 6 9 10 12 | 12.0
Conjurations   | 1 2 |  2.0
Polearms       | 4 6 8 11 14 | 14.0
Fighting       | 2 4 5 6 8 10 11 12 | 12.0
Evocations     | 3 5 8 9 10 | 10.0
Dodging        | 6 7 8 9 12 | 12.0
Shields        | 4 |  4.0
Necromancy     | 5 8 |  8.0
Ice Magic      | 6 8 12 16 18 20 21 | 21.4
Stealth        | |  1.5
Transmutations | |  0.7

Inventory:

Hand Weapons
 a - a +5 demon trident of electrocution
 H - the +9 staff of Wucad Mu {channel}
   (You found it on level 1 of the Vaults)
Missiles
 e - 99 poisoned darts (quivered)
 A - 21 curare-tipped darts
 I - 810 stones
 J - 24 silver javelins
 U - a throwing net {!f}
Armour
 b - a +2 pair of boots (worn)
 n - the +3 robe of the Maze (worn) {rElec rN+}
   (You found it on level 4 of the Swamp)

   It insulates you from electricity.
   It protects you from negative energy.
 q - a scarf of repulsion
 x - the +8 scale mail of the Tormentor {+Fly rPois rF+ rN+ Int-4}
   (You found it on level 10 of the Dungeon)

   It affects your intelligence (-4).
   It protects you from fire.
   It protects you from poison.
   It protects you from negative energy.
   It lets you fly.
 G - a +2 buckler (worn)
 O - a +2 helmet of intelligence (worn)
 P - the +2 pair of gloves of Nateygur {MR+ Int+3}
   (You bought it in a shop on level 4 of the Spider Nest)

   It affects your intelligence (+3).
   It affects your resistance to hostile enchantments.
 Q - a +2 cloak (worn)
 R - the +2 pair of gloves "Ycaamn" {rF+ MR+}
   (You found it in a treasure trove)

   It protects you from fire.
   It affects your resistance to hostile enchantments.
 Y - the +3 pair of gauntlets of War (worn) {Slay+5}
   (You found it in a treasure trove)

   It affects your accuracy and damage with ranged weapons and melee attacks
   (+5).
Magical Staves
 w - an uncursed staff of conjuration (weapon) {!a}
 D - an uncursed staff of wizardry {!a}
Jewellery
 j - an uncursed ring of flight
 m - an uncursed amulet of magic regeneration
 p - the ring of the Bull {rCorr Int+7}
   (You bought it in a shop on level 11 of the Dungeon)

   [ring of resist corrosion]

   It affects your intelligence (+7).
   It provides partial protection from all sources of acid and corrosion.
 u - the ring of Phasing {EV+8}
   (You bought it in a shop on level 11 of the Dungeon)

   [ring of evasion]

   It affects your evasion (+8).
 B - an uncursed ring of protection from fire
 K - the ring of the Salmon {MR+ EV+4 Stlth+}
   (You took it off a deep elf demonologist on level 3 of the Elven Halls)

   [ring of evasion]

   It affects your evasion (+4).
   It affects your resistance to hostile enchantments.
   It makes you more stealthy.
 N - an amulet of regeneration (around neck)
 T - the ring of the Cast Vote {rElec rN+ Slay+3}
   (You took it off a deep elf high priest on level 3 of the Elven Halls)

   [ring of positive energy]

   It affects your accuracy and damage with ranged weapons and melee attacks
   (+3).
   It insulates you from electricity.
   It protects you from negative energy.
 V - the ring "Miusolomm" (right hand) {Wiz rF+ rN+ SInv}
   (You bought it in a shop on level 1 of the Depths)

   [ring of wizardry]

   It improves your spell success rate.
   It protects you from fire.
   It protects you from negative energy.
   It lets you see invisible.
 W - the ring of Zesyb {rC+ rN+}
   (You took it off a deep elf demonologist on level 3 of the Elven Halls)

   [ring of protection from cold]

   It protects you from cold.
   It protects you from negative energy.
Wands
 c - a wand of clouds (9)
 k - a wand of acid (10)
 o - a wand of paralysis (16)
 t - a wand of iceblast (17)
 z - a wand of digging (11)
 C - a wand of disintegration (16)
 F - a wand of flame (2)
 M - a wand of enslavement (18)
 X - a wand of polymorph (20)
Scrolls
 d - 27 scrolls of remove curse {@r4}
 f - 6 scrolls of fear
 g - 2 scrolls of silence
 i - 15 scrolls of magic mapping
 r - 6 scrolls of fog
 s - 24 scrolls of identify {@r3}
 y - 15 scrolls of teleportation {@r1}
 E - 5 scrolls of blinking {@r2}
 L - a scroll of summoning
Miscellaneous
 h - a tin of tremorstones (3/3)
 l - a phial of floods
 v - 2 phantom mirrors
 S - a lightning rod (4/4)
 Z - 3 boxes of beasts

#### ## ...# .# )#.# ..#
$ ...# ...# .^.#########
#####...## .......#...#
#@p.p..... .#...⌠.#.≈.#
#.#@...... .......#...#
#.pp......
.).#####...#####p#'#...##
...#...).......#(i.# ^.#
.#...#...#.....#.#.# .#
...#.))........#..8# #
#####.##...#####...#####
#...#...'.)[.$......'


You could see Margery (soul bound), the Enchantress (soul bound, repels
missiles), 2 hell knights, 2 necromancers and a +2 great mace of freezing.

Vanquished Creatures
  the Lernaean hydra (Swamp:4)
  Saint Roka (Vaults:1)
  Bai Suzhen (Swamp:3)
  A golden dragon (shapeshifter) (Depths:4)
  A golden dragon (Depths:4)
  Nikola (Vaults:1)
  Arachne (Spider:2)
  A tentacled monstrosity (Swamp:2)
  Asterion (Vaults:1)
  4 deep elf blademasters
  A titan (Depths:2)
  3 deep elf master archers
  A sphinx (Vaults:3)
  Gastronok (Lair:2)
  A sphinx (shapeshifter) (Depths:4)
  An ancient champion (Vaults:3)
  A shadow dragon (Vaults:4)
  Roxanne (Spider:3)
  Donald (Spider:2)
  Kirke (Spider:3)
  5 tengu reavers
  2 fire giants
  6 frost giants
  A ghost moth (Spider:4)
  5 vault wardens
  3 deep elf sorcerers
  Aizul (Depths:2)
  4 deep elf elementalists (Elf:3)
  An iron dragon (Depths:4)
  Louise (Spider:3)
  A curse skull (Vaults:3)
  A balrug (Depths:1)
  An emperor scorpion (Spider:3)
  6 very ugly things
  A war gargoyle (Depths:4)
  A juggernaut skeleton (Depths:3)
  8 stone giants
  12 ironheart preservers
  A stone giant (shapeshifter) (Depths:4)
  Nessos (D:13)
  5 entropy weavers
  A minotaur (shapeshifter) (Depths:4)
  5 deep elf demonologists (Elf:3)
  A vampire knight (Depths:1)
  11 deep elf annihilators
  12 spark wasps
  A minotaur (Gauntlet)
  12 ettins
  A blizzard demon (IceCv)
  Snorg (Orc:2)
  9 deep elf death magi
  A crystal guardian (Vaults:4)
  Josephine (D:14)
  3 fire dragons
  A rakshasa (Vaults:1)
  7 great orbs of eyes
  12 yaktaur captains
  3 deep elf high priests
  2 ghost crabs
  10 ice dragons
  5 spriggan air magi (Depths:4)
  A juggernaut simulacrum (Depths:3)
  A hell beast (Depths:3)
  An anaconda (shapeshifter) (Depths:4)
  8 vault guards (Vaults:1)
  16 hydras
  A catoblepas (D:12)
  9 centaur warriors
  29 two-headed ogres
  11 ogre magi
  17 alligators
  A death yak (shapeshifter) (Depths:4)
  A death knight (Vaults:2)
  17 death yaks
  7 deep troll earth magi
  5 deep troll shamans
  4 tengu warriors
  Urug (Lair:4)
  A queen ant (Spider:3)
  A vampire mage (Depths:1)
  8 orc high priests
  27 deep elf knights
  A hell knight (Depths:4)
  2 shadow wraiths
  A soul eater (Depths:3)
  2 spriggan berserkers
  Sonja (Lair:3)
  6 skeletal warriors
  8 large abominations (Depths:2)
  2 iron trolls
  2 salamander mystics (Depths:3)
  6 glowing orange brains (Depths:3)
  15 deep trolls
  A golden dragon zombie (Depths:3)
  2 spriggan druids (Swamp:3)
  A death drake (shapeshifter) (Depths:3)
  3 flayed ghosts
  3 unseen horrors
  17 deep elf archers
  A sphinx zombie (Vaults:1)
  A glowing orange brain (shapeshifter) (Vaults:4)
  An unseen horror (shapeshifter) (Depths:1)
  5 wizards
  13 harpies
  A lindwurm (Lair:6)
  9 ironbrand convokers
  11 orc knights
  A frost giant zombie (Depths:3)
  A phantasmal warrior (Vaults:3)
  2 lindwurms (shapeshifter)
  13 swamp dragons
  18 orb spiders
  3 necromancers
  60 deep elf magi
  10 cyclopes
  A glowing shapeshifter (Vaults:2)
  5 orc sorcerers
  A stone giant zombie (Vaults:1)
  53 ugly things
  A wolf spider zombie (Vaults:1)
  39 wolf spiders
  7 oklob plants
  A cyclops (shapeshifter) (Vaults:4)
  13 elephants
  A manticore (D:15)
  A rust devil (Depths:3)
  4 black mambas
  3 moths of wrath
  A sphinx skeleton (Vaults:2)
  2 ice statues (IceCv)
  5 salamanders
  Maurice (D:8)
  A naga mage (Depths:4)
  A black mamba (shapeshifter) (Vaults:2)
  A guardian serpent (shapeshifter) (Vaults:3)
  12 vault sentinels
  18 eyes of devastation (Depths:3)
  A torpor snail (Spider:3)
  23 spiny frogs
  4 gargoyles
  Psyche (D:8)
  4 efreet
  A yaktaur zombie (Vaults:2)
  A rime drake (shapeshifter) (Vaults:1)
  8 komodo dragons
  2 rime drakes
  8 demonic crawlers
  24 yaktaurs
  5 freezing wraiths
  A human skeleton (Vaults:2)
  13 ice devils (IceCv)
  A red devil (Depths:1)
  A tengu conjurer (Depths:1)
  A queen bee (shapeshifter) (Vaults:2)
  A wind drake (shapeshifter) (Elf:2)
  7 meliai
  40 jumping spiders
  A queen bee (Spider:2)
  A tengu simulacrum (Vaults:3)
  11 tyrant leeches
  Prince Ribbit (D:6)
  A meliai (shapeshifter) (Vaults:4)
  2 polar bears (Lair:6)
  8 blink frogs
  9 trolls
  A harpy skeleton (D:15)
  13 hornets
  Grinder (D:5)
  5 dream sheep (Lair:6)
  44 slime creatures
  7 bog bodies
  A blink frog (shapeshifter) (Depths:1)
  10 hippogriffs
  A flying skull (Vaults:3)
  87 redbacks
  2 air elementals
  3 shadows
  35 tarantellas
  2 vampires (D:13)
  15 spriggans
  3 water elementals
  8 wraiths
  6 basilisks
  5 fire elementals
  2 wyverns
  69 yaks
  Eustachio (D:4)
  10 hogs
  A human (D:7)
  3 fire bats (Depths:3)
  2 golden eyes (Depths:3)
  27 vampire mosquitoes
  3 hungry ghosts
  3 chaos spawn
  A neqoxec (Gauntlet)
  10 insubstantial wisps
  9 wargs
  An acid dragon (D:14)
  17 swamp worms
  2 hell hounds
  6 soldier ants (Spider:3)
  A swamp worm (shapeshifter) (Vaults:4)
  13 water moccasins
  Duvessa (D:6)
  An ice beast (shapeshifter) (D:14)
  10 swamp drakes
  3 porcupines
  A human zombie (Vaults:2)
  28 orc warriors
  2 sky beasts
  A black bear (shapeshifter) (Depths:3)
  2 necrophages
  35 ogres
  2 phantoms
  5 ice beasts
  5 boggarts (Lair:6)
  4 black bears
  4 eyes of draining
  18 centaurs
  27 wolves
  6 crocodiles
  A big kobold (D:12)
  A big kobold (shapeshifter) (Vaults:1)
  An earth elemental (Elf:2)
  16 bullfrogs
  2 glowing shapeshifter simulacra
  4 scorpions
  A hornet simulacrum (Vaults:1)
  Dowan (D:6)
  20 killer bees
  A killer bee (shapeshifter) (Depths:3)
  2 howler monkeys
  22 wights
  11 electric eels
  A human simulacrum (Vaults:4)
  3 bullfrog zombies
  4 small abominations (Depths:2)
  4 crimson imps
  2 quasits
  42 orc priests
  3 centaur zombies
  3 jellies
  4 bullfrog skeletons
  7 hounds
  25 orc wizards
  5 centaur skeletons
  Jessica (D:2)
  Natasha (thrice) (D:2)
  3 iguanas
  27 worker ants
  A hound skeleton (D:10)
  2 worker ant zombies
  2 howler monkey skeletons (D:11)
  15 adders
  5 shadow imps
  7 white imps (IceCv)
  5 ufetubi (IceCv)
  An ooze (D:3)
  An adder skeleton (D:8)
  2 adder zombies
  3 worms (D:2)
  4 dart slugs
  5 leopard geckos
  135 orcs
  5 ball pythons
  6 bats
  7 giant cockroaches
  7 hobgoblins
  4 jackals (D:6)
  6 quokkas
  10 frilled lizards
  3 goblins
  A jackal skeleton (D:7)
  A jackal zombie (D:5)
  6 kobolds
  11 rats
  3 plants
1997 creatures vanquished.

Vanquished Creatures (collateral kills)
  Jory (Vaults:2)
  Rupert (D:15)
  Agnes (D:15)
  A catoblepas (Lair:6)
  A wizard (Vaults:2)
  A vampire mosquito (D:15)
6 creatures vanquished.

Vanquished Creatures (others)
  25 dancing weapons
  An ogre (Vaults:1)
  5 white imps (IceCv)
  An ufetubus (IceCv)
  16 blocks of ice
  9 fungi
  19 plants
76 creatures vanquished.

Grand Total: 2079 creatures vanquished

Levels and vault maps discovered:
D:1:      tarquinn_simple_flora_water_e, layout_loops_corners, ashenzari_altar_1
D:2:      layout_basic, uniq_jessica, uniq_natasha
D:3:      layout_rooms
D:4:      minmay_wonky_spiral, layout_loops_ring, okawaru_gym_becter,
          minmay_temple_entry_glassed_door, first_ration,
          kennysheep_nondescript, uniq_eustachio
D:5:      wad_lake_hut, layout_loops_cross, basic_altar, gup_sewer_entry_glass,
          uniq_grinder
D:6:      layout_loops_ring, gammafunk_temple_overflow_statue,
          due_unseen_surprise, uniq_prince_ribbit1, uniq_duvessa
D:7:      layout_gridville, amethyst_overflow_temple_binary, grunt_livestock,
          kennysheep_generic_room_6
D:8:      minmay_diamond_stairs, layout_rooms, uniq_maurice, uniq_psyche
D:9:      layout_cave_pods, serial_shops, kennysheep_mini,
          nicolae_shop_window_shopping, shop, shop, minmay_misc_feat_nine_boxes
D:10:     minmay_spotlight, layout_rooms, orc_0_dummy, serial_shops,
          nicolae_shop_behind_doors, trove_entry_hex_spiral
D:11:     layout_loops_cross, dpeg_lair_monsters, serial_shops, shop
D:12:     layout_basic
D:13:     layout_rooms, david_vaults_1, hangedman_decor_slide_cut, uniq_nessos
D:14:     layout_roguey
D:15:     grunt_enter_depths_giant_problem, layout_small_grid,
          nrook_pool_corridor, serial_shops, shop, uniq_josephine, uniq_agnes,
          uniq_rupert
Temple:   bh_familiar_temple
Lair:1:   layout_roguey, hangedman_lair_unloving_vines,
          minmay_stone_trees_medium
Lair:2:   dpeg_oklob_gauntlet, layout_cave_pods,
          nicolae_swamp_entry_splash_gauntlet, lemuel_fruit_tree, uniq_gastronok
Lair:3:   beast_lair_carwin_large_2, layout_cave_pods, gauntlet_entry_generic,
          chequers_serial_rivers_room_b, minmay_lair_oklob_items, uniq_sonja
Lair:4:   layout_big_grid, spider_nest_entry_webs, uniq_urug
Lair:5:   layout_layer_cave, serial_bayou_pond_e, grunt_megastairs_2,
          serial_bayou_shore_a
Lair:6:   minmay_lair_end_enchanted_forest, layout_layer_cave, slime_dummy,
          worms_lemuel, minmay_lair_oklob_chamber, grunt_megastairs_1
Swamp:1:  layout_basic_swamp, evilmike_swamp_ruin_house_6, swamp_pool4
Swamp:2:  cheibrodos_swamp_monstrosity, layout_falls_marsh,
          evilmike_swamp_ruin_rubble_2
Swamp:3:  layout_falls_marsh, evilmike_swamp_ruin_house_3, uniq_bai_suzhen
Swamp:4:  swamp_old_school, layout_basic_swamp
Spider:1: layout_spider_delve
Spider:2: layout_spider_delve, special_room [special_room_bee], uniq_donald,
          uniq_arachne
Spider:3: layout_chambers, drop_trap, minmay_another_anthill,
          nicolae_spider_cling_ruins, uniq_kirke, uniq_roxanne, uniq_louise
Spider:4: spider_rune_water
Orc:1:    layout_caves
Orc:2:    st_orc_town, layout_caves, serial_shops, nicolae_shop_trees,
          uniq_snorg
Elf:1:    eino_elf_arrival_the_gate, layout_loops_corners, minivault_28,
          minmay_shop_grid_forest, dk_noncrumbling_2, eino_tiny_chamber,
          abandoned_shop
Elf:2:    layout_geoelf_diagonals, serial_shops, shop,
          portal_ice_cave_entry_pillars_four, serial_sigils_hangedman_carve
Elf:3:    grunt_elf_hall_branching, layout_geoelf_grid, drop_trap,
          nrook_mini_backslash
Vaults:1: hangedman_vaults_cutoff, nicolae_vaults_mini_display_case,
          v_pattern_3, nicolae_vaults_hallways_thing,
          hangedman_vaults_variations, nicolae_vaults_network_periphery,
          vaults_standard_mumra_x, v_misc_22, vaults_dpeg_ring,
          nicolae_vaults_meeting, hangedman_vaults_stretched_pinwheel,
          layout_vaults_omnicross, basic_altar, uniq_saint_roka, uniq_asterion,
          uniq_nikola
Vaults:2: nicolae_vaults_big_ls, v_misc_8, hangedman_vaults_impose,
          nicolae_vaults_murderbox, vaults_room_large_hall,
          nicolae_vaults_triangles, v_misc_28, vaults_room_fours,
          nicolae_vaults_alarming, nicolae_vaults_windows_and_doors_thing,
          layout_vaults_omnigrid, serial_shops, nicolae_shop_waterfront,
          uniq_jory
Vaults:3: grunt_vaults_focal, vaults_mumra_hexcomb, vaults_dpeg_hooks,
          vaults_room_grid, nicolae_vaults_little_squares_1,
          nicolae_vaults_know_your_exits, minmay_crypt_entry_simple_corners,
          hangedman_vaults_impose, nicolae_vaults_network_star,
          hangedman_vaults_stream, nicolae_vaults_little_ls, vaults_room_grid,
          hangedman_vaults_nails, layout_vaults_ring, serial_shops,
          nicolae_shop_waterfront
Vaults:4: gammafunk_vaults_ghost_necromancy, st_star, hangedman_vaults_capsules,
          nicolae_vaults_little_squares_4, nicolae_vaults_network_quinsquares
          [nicolae_vaults_network_quincunx_subvault,
          nicolae_vaults_network_quincunx_subvault,
          nicolae_vaults_network_quincunx_subvault,
          nicolae_vaults_network_quincunx_subvault],
          nicolae_vaults_puzzle_piece, v_rooms_6, ontoclasm_vaults_gateway,
          serial_ice_m, v_misc_28, ontoclasm_vaults_chip, vaults_room_pools,
          layout_vaults_omnibox, serial_shops, nicolae_shop_crystal
Depths:1: layout_cave_shapes, enter_ziggurat_d, abyss_entry_small_statue_room,
          hex_tiny, hellmouth_1, evilmike_minifort
Depths:2: grunt_twist_and_shout, layout_basic, hell_entry, kennysheep_nub,
          minmay_room_of_horrors, grunt_ministairs_10,
          infiniplex_staircase_star, serial_bayou_shore_b, serial_bayou_shore_b,
          uniq_aizul
Depths:3: minmay_eyes, layout_basic, kennysheep_cross_room,
          grunt_mini_vestibule, abyss_entry_crystal, grunt_pan_entry_spiral,
          st_stairs_3, infiniplex_staircase_spiral
Depths:4: hangedman_crystal_crosses_colossus [crystal_crosses_arms_four,
          crystal_crosses_arms_two, crystal_crosses_arms_one,
          crystal_crosses_arms_one], hell_entry, abyss_entry, uniq_enchantress,
          uniq_margery, uniq_mara, uniq_frederick


Message History

You hear an angry buzzing noise.
You hear a deafening roar!
The hell knight barely misses you. Margery casts a spell at you.
The fireball explodes!
The fireball engulfs the hell knight.
The hell knight completely resists.
The fireball engulfs you!!!
The fireball engulfs Margery.
Margery resists.
You hear a deafening roar!
You're wearing all the rings you can.
Remove which one? (? for menu, Esc to cancel) < or
p - the ring of the Bull {rCorr Int+7} > or
V - the ring "Miusolomm" {Wiz rF+ rN+ SInv} You remove the ring of the Bull {rCorr Int+7}.
The hell knight completely misses you. Margery gestures at you while chanting.
The bolt of fire hits the hell knight.
The hell knight completely resists.
The bolt of fire hits you!!!
* * * LOW HITPOINT WARNING * * *
The bolt of fire hits you!!!
You die...
Your body crumbles into a pile of gold.

Notes
Turn   | Place    | Note
-------+----------+-------------------------------------------
     0 | D:1      | bmfx the Mummy Earth Elementalist began the quest for the
                  | Orb.
     0 | D:1      | Reached XP level 1. HP: 13/13 MP: 4/4
   434 | D:1      | Reached XP level 2. HP: 19/19 MP: 4/6
   438 | D:1      | Learned a level 2 spell: Passwall
   800 | D:1      | Found a shattered altar of Ashenzari.
  1136 | D:2      | Noticed Jessica
  1137 | D:2      | Killed Jessica
  1137 | D:2      | Reached XP level 3. HP: 24/24 MP: 5/8
  1487 | D:2      | Reached XP level 4. HP: 30/30 MP: 8/10
  1541 | D:2      | Learned a level 3 spell: Stone Arrow
  1760 | D:2      | Noticed Natasha
  1768 | D:2      | Killed Natasha
  2071 | D:2      | Noticed Natasha
  2141 | D:2      | Killed Natasha
  2141 | D:2      | Reached skill level 1 in Conjurations
  2163 | D:2      | Noticed Natasha
  2288 | D:2      | Killed Natasha
  2288 | D:2      | Reached XP level 5. HP: 35/35 MP: 7/12
  3215 | D:3      | Reached skill level 5 in Spellcasting
  3515 | D:4      | Noticed a phantom
  3564 | D:3      | Killed a phantom
  3564 | D:3      | Reached XP level 6. HP: 15/41 MP: 2/14
  4189 | D:4      | Found a staircase to the Ecumenical Temple.
  4200 | Temple   | Entered the Ecumenical Temple
  4327 | Temple   | Became a worshipper of Gozag Ym Sagoz the Greedy
  4462 | D:4      | Found an iron altar of Okawaru.
  4474 | D:5      | Entered Level 5 of the Dungeon
  4879 | D:5      | Found a glowing drain.
  4902 | D:5      | Reached XP level 7. HP: 42/46 MP: 16/16
  4916 | D:5      | Reached skill level 5 in Earth Magic
  4929 | Sewer    | Entered a sewer
  5427 | D:5      | Noticed Grinder
  5605 | D:4      | Reached skill level 1 in Polearms
  5798 | D:4      | Noticed Eustachio
  6274 | D:5      | Found a radiant altar of Vehumet.
  7403 | D:6      | Noticed Prince Ribbit
  7422 | D:6      | Noticed a hungry ghost
  7434 | D:6      | Reached skill level 1 in Fighting
  7488 | D:6      | Reached XP level 8. HP: 49/56 MP: 12/17
  7861 | D:6      | Reached skill level 1 in Evocations
  8096 | D:6      | Noticed Dowan
  8097 | D:6      | Noticed Duvessa
  8140 | D:6      | Killed Dowan
  8284 | D:6      | Killed Duvessa
  8762 | D:6      | Found a shimmering blue altar of Sif Muna.
  8763 | D:6      | Found a sparkling altar of Nemelex Xobeh.
  8866 | D:6      | Reached XP level 9. HP: 59/65 MP: 1/18
  9751 | D:7      | Reached skill level 5 in Evocations
 10252 | D:7      | Found a glowing golden altar of the Shining One.
 10252 | D:7      | Found a radiant altar of Vehumet.
 11413 | D:7      | Reached skill level 5 in Dodging
 11514 | D:8      | Noticed Psyche
 11519 | D:8      | Killed Psyche
 11821 | D:8      | Reached skill level 5 in Fighting
 11821 | D:8      | Reached XP level 10. HP: 74/74 MP: 9/19
 12407 | D:8      | Reached skill level 5 in Polearms
 12497 | D:8      | Noticed Maurice
 12512 | D:8      | Killed Maurice
 12861 | D:9      | Found Luvisica's Armour Boutique.
 12868 | D:9      | Found Zocotuli's Armour Shop.
 12869 | D:9      | Bought a +0 buckler for 63 gold pieces
 12981 | D:9      | Reached skill level 1 in Shields
 12987 | D:9      | Learned a level 4 spell: Petrify
 12996 | D:9      | Learned a level 5 spell: Lee's Rapid Deconstruction
 13022 | D:9      | Noticed a two-headed ogre
 13057 | D:9      | Killed a two-headed ogre
 13153 | D:9      | Found Mycwargh's Book Boutique.
 13250 | D:9      | Got an ancient quarterstaff
 13251 | D:9      | Identified the +4 quarterstaff of Aguofoac {flame, MP+9}
                  | (You found it on level 9 of the Dungeon)
 13373 | D:9      | Found Synwanetui's Food Boutique.
 13790 | D:10     | Entered Level 10 of the Dungeon
 14007 | D:10     | Noticed a two-headed ogre
 14013 | D:10     | Killed a two-headed ogre
 14013 | D:10     | Reached XP level 11. HP: 81/81 MP: 20/20
 14078 | D:10     | Found a staircase to the Orcish Mines.
 14293 | D:10     | Got an encrusted scale mail
 14304 | D:10     | Identified the +8 scale mail of the Tormentor {+Fly rPois
                  | rF+ rN+ Int-4} (You found it on level 10 of the Dungeon)
 14502 | D:10     | Found Voshecw Yryi's Jewellery Shoppe.
 14922 | D:10     | Found a portal to a secret trove of treasure.
 15085 | D:11     | Found Essolam's Food Boutique.
 15098 | D:11     | Noticed a brown ugly thing
 15114 | D:11     | Killed a brown ugly thing
 15202 | D:11     | Noticed a death yak
 15286 | D:11     | Found a staircase to the Lair.
 15286 | D:11     | Noticed a death yak
 15325 | D:11     | Killed a death yak
 15517 | D:11     | Noticed a death yak
 15555 | D:11     | Killed a death yak
 15557 | D:11     | Killed a death yak
 15915 | D:11     | Noticed a two-headed ogre
 15924 | D:11     | Killed a two-headed ogre
 16068 | D:11     | Reached XP level 12. HP: 34/92 MP: 14/21
 16509 | Lair:1   | Entered Level 1 of the Lair of Beasts
 18320 | Lair:2   | Noticed Gastronok
 18330 | Lair:2   | Killed Gastronok
 18330 | Lair:2   | Reached skill level 10 in Spellcasting
 18900 | Lair:2   | Found a staircase to the Swamp.
 19554 | Lair:3   | Found a gate leading to a gauntlet.
 19575 | Gauntlet | Entered a Gauntlet
 19575 | Gauntlet | Found a transporter.
 19635 | Gauntlet | Found a large runed translucent door.
 19636 | Gauntlet | Found a large runed translucent door.
 19637 | Gauntlet | Found a large runed translucent door.
 19637 | Gauntlet | Found a large runed translucent door.
 19637 | Gauntlet | Found a runed translucent door.
 19638 | Gauntlet | Found a large runed translucent door.
 19639 | Gauntlet | Found a large runed translucent door.
 19640 | Gauntlet | Found a large runed translucent door.
 19640 | Gauntlet | Found a large runed translucent door.
 19641 | Gauntlet | Found a runed translucent gate.
 19641 | Gauntlet | Found a runed translucent gate.
 19643 | Gauntlet | Found a transporter.
 19651 | Gauntlet | Found a runed translucent gate.
 19651 | Gauntlet | Found a runed translucent door.
 19652 | Gauntlet | Found a large runed translucent door.
 19652 | Gauntlet | Found a large runed translucent door.
 19653 | Gauntlet | Found a large runed translucent door.
 19654 | Gauntlet | Found a large runed translucent door.
 19658 | Gauntlet | Found a transporter.
 19663 | Gauntlet | Found a transporter.
 19678 | Gauntlet | Found a transporter.
 19695 | Gauntlet | Noticed a blizzard demon
 19697 | Gauntlet | Found a transporter.
 19708 | Gauntlet | Noticed a reaper
 19709 | Gauntlet | Found a transporter.
 19721 | Gauntlet | Found a transporter.
 19730 | Gauntlet | Found a transporter.
 19739 | Gauntlet | Found a transporter.
 19739 | Gauntlet | Found a transporter.
 19741 | Gauntlet | Found a transporter.
 19758 | Gauntlet | Found a transporter.
 19758 | Gauntlet | Noticed a ghost crab
 19777 | Gauntlet | Found a transporter.
 19794 | Gauntlet | Found a transporter.
 19822 | Gauntlet | Found a transporter.
 19848 | Gauntlet | Found a large runed translucent door.
 19848 | Gauntlet | Found a large runed translucent door.
 19849 | Gauntlet | Found a large runed translucent door.
 19850 | Gauntlet | Found a large runed translucent door.
 19852 | Gauntlet | Found a transporter.
 19932 | Gauntlet | Found a transporter.
 20329 | Gauntlet | Got a blackened cloak
 20374 | Gauntlet | Identified the cursed -4 cloak of Philately {rCorr Int+4}
                  | (You found it in a Gauntlet)
 20437 | Gauntlet | Noticed a minotaur
 20440 | Gauntlet | Killed a minotaur
 20451 | Gauntlet | Identified the Handbook of Displacement
 20784 | Lair:3   | Noticed Sonja
 20792 | Lair:3   | Killed Sonja
 20896 | Lair:3   | Gained mutation: You are in touch with the powers of death.
                  | [Mummy growth]
 20896 | Lair:3   | Reached XP level 13. HP: 63/98 MP: 27/27
 21976 | Lair:4   | Reached skill level 10 in Earth Magic
 22163 | Lair:4   | Got an ominously black robe
 22180 | Lair:4   | Identified the cursed +0 robe of Wuec {MR- Int+3 Stlth+}
                  | (You found it on level 4 of the Lair of Beasts)
 22199 | Lair:4   | Noticed Urug
 22215 | Lair:4   | Killed Urug
 22630 | Lair:4   | Found a hole to the Spider Nest.
 23873 | Lair:5   | Reached skill level 10 in Fighting
 24948 | Lair:6   | Entered Level 6 of the Lair of Beasts
 25153 | Lair:6   | Reached XP level 14. HP: 97/110 MP: 28/28
 25600 | Lair:6   | Reached skill level 10 in Evocations
 26883 | Lair:6   | Found a staircase to the Slime Pits.
 27780 | Lair:6   | Learned a level 2 spell: Blink
 28611 | D:6      | Killed Prince Ribbit
 28723 | D:5      | Killed Grinder
 28852 | D:4      | Killed Eustachio
 28954 | D:11     | Bought the ring of the Bull {rCorr Int+7} for 625 gold
                  | pieces
 29184 | D:12     | Identified a scroll of acquirement
 29272 | D:11     | Bought the ring of Phasing {EV+8} for 1920 gold pieces
 29272 | D:11     | Found the ring of Phasing {EV+8}
 29293 | D:9      | Bought a book of Annihilations for 1435 gold pieces
 29293 | D:9      | Bought a book of Dreams for 975 gold pieces
 29299 | D:9      | Learned a level 5 spell: Borgnjor's Vile Clutch
 29309 | D:9      | Learned a level 9 spell: Absolute Zero
 29505 | D:12     | Reached skill level 1 in Necromancy
 30241 | D:12     | Reached skill level 5 in Necromancy
 30634 | D:13     | Reached XP level 15. HP: 98/115 MP: 16/29
 31617 | D:13     | Found a gate to the Vaults.
 31828 | D:13     | Noticed Nessos
 31842 | D:13     | Killed Nessos
 33527 | D:15     | Entered Level 15 of the Dungeon
 33550 | D:15     | Found a staircase to the Depths.
 33550 | D:15     | Noticed a fire giant
 33691 | D:15     | HYPERHYPER: Oo
 33695 | D:15     | HYPERHYPER: rich mu
 34133 | D:15     | Killed a fire giant
 34226 | D:15     | Noticed Agnes
 34247 | D:14     | bmfx: almost 5k from ?acq
 34247 | D:14     | HYPERHYPER: nice
 34247 | D:14     | bmfx: so i bought annihilations, phasing and still have
                  | gold
 34247 | D:14     | HYPERHYPER: https://www.youtube.com/watch?v=FLGJXbl6g8o
 34247 | D:14     | HYPERHYPER: coffee :P
 34247 | D:14     | HYPERHYPER: anni for abs zer0?
 34247 | D:14     | bmfx: <3 morcheeba>
                  | ERROR: string above had unterminated tag
 34247 | D:14     | bmfx: yep
 34247 | D:14     | bmfx: gonna start training for it soon
 34374 | D:15     | Noticed Rupert
 34375 | D:15     | Killed Agnes
 34405 | D:15     | Killed Rupert
 34649 | D:14     | bmfx: so many miscasts, and devs still claim the displayed
                  | chances are not off
 34945 | D:15     | bmfx: 14%? more like 66%
 34964 | D:15     | Noticed Josephine
 35235 | D:14     | Killed Josephine
 35302 | D:15     | Found Com Guoh's Weapon Boutique.
 35573 | D:15     | Reached XP level 16. HP: 126/126 MP: 26/32
 35687 | Orc:1    | Entered Level 1 of the Orcish Mines
 35695 | Orc:1    | HYPERHYPER: aye all rigd
 35707 | Orc:1    | HYPERHYPER: my winrate included its 166% in truth
 36006 | Orc:2    | Entered Level 2 of the Orcish Mines
 36700 | Orc:2    | Reached skill level 10 in Dodging
 36901 | Orc:2    | Found Afuwus's Book Boutique.
 36983 | Orc:2    | Found a roughly hewn altar of Beogh.
 37003 | Orc:2    | Found Haabenem's Book Shoppe.
 37004 | Orc:2    | Found Zicim Xoba's Antique Weapon Boutique.
 37238 | Orc:2    | Noticed Snorg
 37242 | Orc:2    | Killed Snorg
 37274 | Orc:2    | HYPERHYPER: whatup thantalas ??
 37363 | Orc:2    | Found a staircase to the Elven Halls.
 37588 | Orc:2    | Found Fanev's Jewellery Shoppe.
 37588 | Orc:2    | Found Zeup's Food Boutique.
 37593 | Orc:2    | bmfx: wonder if i actually need slaying on this character
 37593 | Orc:2    | Thantalas: seeing if i can learn anything:)
 37593 | Orc:2    | bmfx: probably not unless i find a really good weap
 37593 | Orc:2    | HYPERHYPER: a bit pricey
 37593 | Orc:2    | HYPERHYPER: sure can learn a lot from bmfx !
 38077 | Orc:1    | HYPERHYPER: position !
 38188 | Orc:1    | HYPERHYPER: https://www.youtube.com/watch?v=pJk0p-98Xzc
 38645 | Lair:4   | bmfx: that's it for now
 38646 | Spider:1 | Entered Level 1 of the Spider Nest
 40631 | Spider:1 | Reached skill level 1 in Ice Magic
 40880 | Spider:1 | Bought a pair of embroidered gloves for 300 gold pieces
 41347 | Spider:2 | Reached skill level 2 in Ice Magic
 41771 | Spider:2 | Noticed Donald
 41780 | Spider:2 | Killed Donald
 41780 | Spider:2 | Reached skill level 3 in Ice Magic
 42391 | Spider:2 | Reached skill level 4 in Ice Magic
 42998 | Spider:2 | Noticed Arachne
 43009 | Spider:2 | Killed Arachne
 43009 | Spider:2 | Reached skill level 5 in Ice Magic
 43752 | Spider:3 | Reached skill level 6 in Ice Magic
 43937 | Spider:3 | Reached XP level 17. HP: 114/133 MP: 8/33
 44244 | Spider:3 | Noticed Roxanne
 44326 | Spider:3 | Killed Roxanne
 44331 | Spider:3 | Reached skill level 7 in Ice Magic
 44682 | Spider:3 | Noticed Kirke
 44701 | Spider:3 | Killed Kirke
 44963 | Spider:3 | Reached skill level 8 in Ice Magic
 45615 | Spider:3 | Noticed Louise
 45645 | Spider:3 | Killed Louise
 46528 | Spider:4 | Entered Level 4 of the Spider Nest
 48988 | Spider:4 | Reached skill level 10 in Polearms
 49307 | Spider:4 | Bought a pair of bloodstained gloves for 285 gold pieces
 49317 | Spider:4 | Identified the +2 pair of gloves of Nateygur {MR+ Int+3}
                  | (You bought it in a shop on level 4 of the Spider Nest)
 49630 | D:11     | Bought a tin of tremorstones (3/3) for 1360 gold pieces
 49753 | Swamp:1  | Entered Level 1 of the Swamp
 51814 | Swamp:2  | Reached XP level 18. HP: 140/140 MP: 23/34
 51943 | Swamp:2  | Noticed a tentacled monstrosity
 51968 | Swamp:2  | Killed a tentacled monstrosity
 52534 | Swamp:3  | Noticed Bai Suzhen
 52547 | Swamp:3  | Killed Bai Suzhen
 53210 | Swamp:4  | Entered Level 4 of the Swamp
 53670 | Swamp:4  | Got a flickering ruby amulet
 53671 | Swamp:4  | Identified the amulet "Jusuju" {rF- rC+ Regen+ Str+3 Int+3}
                  | (You found it on level 4 of the Swamp)
 54209 | Swamp:4  | Noticed the 27-headed Lernaean hydra
 54220 | Swamp:4  | Killed the 27-headed Lernaean hydra
 54427 | Swamp:4  | Got a decaying rune of Zot
 54753 | Swamp:4  | Got a colourful robe
 54754 | Swamp:4  | Identified the +3 robe of the Maze {rElec rN+} (You found
                  | it on level 4 of the Swamp)
 55357 | Elf:1    | Entered Level 1 of the Elven Halls
 57507 | Elf:1    | Found Ysmacuf's Distillery.
 57509 | Elf:1    | Found Etojoe's Weapon Shoppe.
 57511 | Elf:1    | Found Rary's Distillery.
 57512 | Elf:1    | Found Xaleary's Distillery.
 58160 | Elf:2    | Found Yluogiw's General Store.
 58352 | Elf:2    | Reached XP level 19. HP: 146/146 MP: 31/37
 58353 | Elf:2    | Found a frozen archway.
 58360 | IceCv    | Entered an ice cave
 59617 | Elf:2    | Got a jewelled ring mail
 59618 | Elf:2    | Identified the +0 ring mail of Veul {*Contam MP+9 Str+6
                  | Stlth+} (You found it on level 2 of the Elven Halls)
 59846 | Elf:2    | Found a runed translucent gate.
 59846 | Elf:2    | Found a runed translucent gate.
 59846 | Elf:2    | Found a runed translucent gate.
 60362 | Elf:2    | Reached skill level 15 in Spellcasting
 60538 | Elf:2    | Reached skill level 9 in Ice Magic
 61586 | Elf:3    | Entered Level 3 of the Elven Halls
 61668 | Elf:3    | Reached skill level 10 in Ice Magic
 62237 | Elf:3    | Identified the ring of the Cast Vote {rElec rN+ Slay+3}
 62616 | Elf:3    | Identified the cursed +1 chain mail of Shadows and Fog
                  | {+Fly Int+2 Stlth-}
 62850 | Elf:3    | Identified the +7 rapier of Hubris {drain, +Blink Str-5
                  | SInv Stlth+}
 62850 | Elf:3    | Identified the ring of Zesyb {rC+ rN+}
 62860 | Elf:3    | Reached skill level 11 in Ice Magic
 62976 | Elf:3    | Identified the +1 robe "Ynuod" {Int+6}
 63207 | Elf:3    | Identified the ring of the Salmon {MR+ EV+4 Stlth+}
 63607 | Elf:3    | Identified the ring "Zagohawu" {+Inv rC+ Slay-6 Stlth-}
 63608 | Elf:3    | Identified the +11 mace "Cematauf" {vorpal, Str+2 Dex+3}
 63775 | Elf:3    | Reached skill level 12 in Ice Magic
 64388 | Elf:3    | Learned a level 1 spell: Apportation
 64825 | Vaults:1 | Entered Level 1 of the Vaults
 65103 | Vaults:1 | Reached XP level 20. HP: 131/153 MP: 11/39
 65253 | Vaults:1 | Found a snail-covered altar of Cheibriados.
 65481 | Vaults:1 | Reached skill level 13 in Ice Magic
 65483 | Vaults:1 | Noticed Asterion
 65488 | Vaults:1 | Noticed Saint Roka
 65490 | Vaults:1 | Killed Asterion
 65504 | Vaults:1 | Killed Saint Roka
 65967 | Vaults:1 | Reached skill level 14 in Ice Magic
 67264 | Vaults:1 | Noticed Nikola
 67467 | Vaults:1 | Found the +9 staff of Wucad Mu {channel}
 67486 | Vaults:1 | Killed Nikola
 67486 | Vaults:1 | Reached skill level 15 in Ice Magic
 68289 | Vaults:2 | Found Inacib's Assorted Antiques.
 68696 | Vaults:2 | Noticed Jory
 68742 | Vaults:2 | Killed Jory
 69166 | Vaults:2 | Reached skill level 16 in Ice Magic
 69166 | Vaults:2 | Reached XP level 21. HP: 125/159 MP: 8/40
 70480 | Vaults:3 | Found a staircase to the Crypt.
 70921 | Vaults:3 | Found Tureqomi's Book Emporium.
 71684 | Vaults:3 | Reached skill level 17 in Ice Magic
 73298 | Vaults:4 | Found a runed translucent gate.
 73298 | Vaults:4 | Found a runed translucent gate.
 73298 | Vaults:4 | Found a runed translucent gate.
 73300 | Vaults:4 | Noticed emiel's ghost (adept GnWn)
 73331 | Vaults:4 | Found Coyseif's Gadget Boutique.
 73334 | Vaults:4 | Bought a lightning rod (4/4) for 600 gold pieces
 73334 | Vaults:4 | Bought a wand of iceblast (8) for 180 gold pieces
 73334 | Vaults:4 | Bought a wand of clouds (3) for 315 gold pieces
 73856 | Vaults:4 | Reached skill level 18 in Ice Magic
 74872 | Depths:1 | Entered Level 1 of the Depths
 74910 | Depths:1 | Found a gateway to a ziggurat.
 75460 | Depths:1 | Found a one-way gate to the infinite horrors of the Abyss.
 75897 | Depths:1 | Found a gateway to Hell.
 76148 | Depths:1 | Reached XP level 22. HP: 151/165 MP: 33/41
 76388 | Depths:1 | Bought the ring "Miusolomm" {Wiz rF+ rN+ SInv} for 733 gold
                  | pieces
 76822 | Depths:2 | Reached skill level 19 in Ice Magic
 77619 | Depths:2 | Identified the +8 dagger of Zoliasmina {vorpal, +Fly Int+3}
 77886 | D:9      | Bought +1 ice dragon scales for 1072 gold pieces
 78025 | D:10     | You paid a toll of +3 ice dragon scales to enter a treasure
                  | trove
 78026 | Trove    | Entered a treasure trove
 78029 | Trove    | Found the +2 ratskin cloak {+Rats rPois rN+ Str-1 Int-1
                  | Dex+1}
 78034 | Trove    | Got a shimmering scale mail
 78041 | Trove    | Found the +7 Kryia's mail coat {PotionHeal*2 rC+}
 78043 | Trove    | Got a translucent ring mail
 78047 | Trove    | Got an encrusted scale mail
 78049 | Trove    | Found the +3 pair of gauntlets of War {Slay+5}
 78051 | Trove    | Got a warped robe
 78053 | Trove    | Got a translucent scale mail
 78055 | Trove    | Got a pair of translucent gloves
 78066 | Trove    | Identified the +2 pair of gloves "Ycaamn" {rF+ MR+} (You
                  | found it in a treasure trove)
 78081 | Trove    | Identified the +1 scale mail of the Iron City of Dis {-Cast
                  | rElec MR+} (You found it in a treasure trove)
 78083 | Trove    | Identified the cursed +0 ring mail of the Last Tables {rF+
                  | SInv} (You found it in a treasure trove)
 78085 | Trove    | Identified the +5 scale mail of Shadows and Fog {rF+} (You
                  | found it in a treasure trove)
 78087 | Trove    | Identified the +1 robe of Judelyi {Harm} (You found it in a
                  | treasure trove)
 78089 | Trove    | Identified the +1 scale mail "Caorcher" {Int+2} (You found
                  | it in a treasure trove)
 78289 | Depths:2 | Noticed Aizul
 78306 | Depths:2 | Killed Aizul
 79613 | Depths:3 | Reached skill level 20 in Ice Magic
 81762 | Depths:3 | Found a one-way gate leading to the halls of Pandemonium.
 82825 | Depths:4 | Identified the +6 quarterstaff of Pogam {drain, rPois rC+}
 82844 | Depths:4 | Reached XP level 23. HP: 133/171 MP: 27/42
 83284 | Depths:4 | Reached skill level 21 in Ice Magic
 83289 | Depths:4 | Identified the +0 pair of gloves of Stoicism {rF+} (You
                  | found it on level 4 of the Depths)
 83781 | Depths:4 | Noticed Frederick
 84019 | Depths:4 | Noticed the Enchantress
 84027 | Depths:4 | Noticed Margery
 84031 | Depths:4 | Killed from afar by Margery
